 Dungeon Crawl Stone Soup version 0.29.0-4-gdea44cf6ec (webtiles) character file.

Game seed: 16887622699500749973

155 qw the Chopper (level 5, 0/30 HPs)
             Began as a Tengu Warper on Aug 28, 2022.
             Slain by an orc wizard
             ... wielding a +0 dagger
              (2 damage)
             ... on level 3 of the Dungeon.
             The game lasted 00:00:25 (3270 turns).

qw the Chopper (Tengu Warper)                       Turns: 3270, Time: 00:00:25

Health: 0/30       AC:  3    Str: 14    XL:     5   Next: 37%
Magic:  9/9        EV: 14    Int: 13    God:
Gold:   163        SH:  0    Dex: 13    Spells: 8/8 levels left

rFire   . . .      SeeInvis .   Y - +0 hand axe
rCold   . . .      Faith    .   (no shield)
rNeg    . . .      Spirit   .   b - +0 leather armour
rPois   .          Reflect  .   (helmet restricted)
rElec   .          Harm     .   (no cloak)
rCorr   .          Rampage  .   (no gloves)
Will    .....                   (boots unavailable)
Stlth   +.........              (no amulet)
HPRegen 0.10/turn               (no ring)
MPRegen 0.11/turn               (no ring)

@: confused, flying quickly and evasively, quick
A: beak, talons 3, nimble flight
a: no special abilities


You were on level 3 of the Dungeon.
You visited 1 branch of the dungeon, and saw 3 of its levels.

You collected 163 gold pieces.


Innate Abilities, Weirdness & Mutations

You have a beak for a mouth.
You have claws for feet.
Your magical nature lets you fly swiftly and evasively.


   Skills:
 - Level 2.0 Fighting
 + Level 5.9 Axes
 - Level 1.0 Throwing
 - Level 1.1 Armour
 - Level 2.1 Dodging
 - Level 2.0 Spellcasting
 - Level 2.4 Translocations


You had 8 spell levels left.
You didn't know any spells.
Your spell library contained the following spells:

 Spells                   Type           Power      Damage    Failure   Level
 Blink                    Tloc           14%        N/A       19%         2
 Gell's Gravitas          Tloc           7%         N/A       34%         3
 Lesser Beckoning         Tloc           7%         N/A       34%         3
 Teleport Other           Tloc           7%         N/A       34%         3
 Manifold Assault         Tloc           7%         N/A       97%         5

Inventory:

Hand Weapons
 d - a +0 flail
 Y - a +0 hand axe (weapon)
Armour
 a - a +0 chain mail
 b - a +0 leather armour (worn)
Jewellery
 i - a ring of willpower
Scrolls
 c - a scroll of teleportation
 g - 3 scrolls of identify
 l - a scroll of immolation {unknown}
Potions
 e - a potion of might
 f - a potion of cancellation {unknown}
 h - 2 potions of resistance
 j - a potion of attraction {unknown}
 k - a potion of degeneration {unknown}

Dungeon Overview and Level Annotations

Branches:
Dungeon (3/15)

Altars:
Uskayaw


Message History

Your kick misses the orc wizard.
The orc wizard is heavily wounded.
The orc wizard casts a spell.
The orc wizard flickers and vanishes!
Deactivating autopickup; reactivate with Ctrl-A.
You're too confused to attack without stumbling around!
There is a strange disturbance nearby!
Something hits you but does no damage.
You're too confused to attack without stumbling around!
There is a strange disturbance nearby!
Something hits you.
You're too confused to attack without stumbling around!
There is a strange disturbance nearby!
Something hits you.
You're too confused to attack without stumbling around!
There is a strange disturbance nearby!
Something hits you.
You're too confused to attack without stumbling around!
There is a strange disturbance nearby!
Something hits you.
You're too confused to attack without stumbling around!
There is a strange disturbance nearby!
You feel less confused. Something closely misses you.
You hit something but do no damage. Your kick misses something.
Something barely misses you.
You hit something but do no damage. Your kick misses something.
Something closely misses you.
You hit something but do no damage. Your peck misses something.
Something hits you but does no damage.
You hit something.
You hear some strange, mumbled words.
You are confused.
You're too confused to attack without stumbling around!
There is a strange disturbance nearby!
Something completely misses you.
You're too confused to attack without stumbling around!
There is a strange disturbance nearby!
Something hits you.
You die...

)..# ### ...###...
#...... #..#.# # #.
#$...### #
#..######......#
#......)....##.##
##.....){..........# ###
##.###(@.###...... ... #
##....# ###.. #. #..##.#
#.# #. #.###.#####.##
#.. #.# #.>...#..# #..
####<# ###:...####..
##...)# #....)?......
##..#### ##.#....##....
#..########.....#......#


There were no monsters in sight!

Vanquished Creatures
  4 adders
  A worm (D:3)
  6 dart slugs
  10 orcs (D:3)
  7 bats
  10 endoplasms
  2 giant cockroaches
  8 hobgoblins
  2 jackals (D:3)
  4 quokkas
  10 ball pythons
  3 frilled lizards
  4 goblins
  10 kobolds
  7 rats
88 creatures vanquished.

Notes
Turn   | Place    | Note
-------+----------+-------------------------------------------
     0 | D:1      | qw the Tengu Warper began the quest for the Orb.
     0 | D:1      | Reached XP level 1. HP: 12/12 MP: 4/4
     0 | D:1      | 0 ||| qw: Version: 0.1-a-89-g26bdef1
     0 | D:1      | 0 ||| qw: Game counter: 2091
     0 | D:1      | 0 ||| qw: Always use a shield: true
     0 | D:1      | 0 ||| qw: God list: Okawaru
     0 | D:1      | 0 ||| qw: Allow faded altars: false
     0 | D:1      | 0 ||| qw: Do Orc after D:15 true
     0 | D:1      | 0 ||| qw: Do second Lair branch before Depths: true
     0 | D:1      | 0 ||| qw: Lair rune preference: random
     0 | D:1      | 0 ||| qw: Plans: Normal
     0 | D:1      | 0 ||| PLANNING D:1-11
   172 | D:1      | 172 ||| Stepping ~*~*~tactically~*~*~ (stealth).
   176 | D:1      | Reached XP level 2. HP: 17/17 MP: 6/6
   179 | D:1      | Reached skill level 3 in Axes
   197 | D:1      | 197 ||| Stepping ~*~*~tactically~*~*~ (stealth).
   212 | D:1      | 212 ||| Stepping ~*~*~tactically~*~*~ (stealth).
   214 | D:1      | 214 ||| Stepping ~*~*~tactically~*~*~ (stealth).
   215 | D:1      | 215 ||| Stepping ~*~*~tactically~*~*~ (stealth).
   378 | D:1      | 378 ||| Stepping ~*~*~tactically~*~*~ (hiding).
   495 | D:1      | 495 ||| Stepping ~*~*~tactically~*~*~ (hiding).
   512 | D:1      | Reached XP level 3. HP: 10/21 MP: 7/7
   517 | D:1      | 517 ||| Stepping ~*~*~tactically~*~*~ (stealth).
   519 | D:1      | 519 ||| Stepping ~*~*~tactically~*~*~ (stealth).
   858 | D:1      | Reached skill level 4 in Axes
  1000 | D:1      | 1000 ||| Stepping ~*~*~tactically~*~*~ (hiding).
  1239 | D:1      | 1239 ||| DROPPING amulet of magic regeneration.
  1240 | D:1      | 1240 ||| READING scroll labelled HIUMUWNEHOA.
  1241 | D:1      | 1241 ||| READING 3 scrolls labelled MUISAUSANO.
  1242 | D:1      | 1242 ||| READING scroll labelled ZIHEON PODAXU.
  1243 | D:1      | 1243 ||| READING scroll labelled OSOEMU BELIA.
  1244 | D:1      | 1244 ||| DRINKING 2 ruby potions.
  1245 | D:1      | 1245 ||| READING 2 scrolls of identify.
  1245 | D:1      | 1245 ||| IDENTIFYING fuming sapphire potion
  1246 | D:1      | 1246 ||| DROPPING scroll of blinking.
  1247 | D:1      | 1247 ||| DROPPING potion of invisibility.
  1281 | D:2      | 1281 ||| Stepping ~*~*~tactically~*~*~ (stealth).
  1282 | D:2      | 1282 ||| Stepping ~*~*~tactically~*~*~ (stealth).
  1283 | D:2      | 1283 ||| Stepping ~*~*~tactically~*~*~ (stealth).
  1316 | D:2      | 1316 ||| Stepping ~*~*~tactically~*~*~ (stealth).
  1318 | D:2      | 1318 ||| STAIRDANCE
  1596 | D:2      | Found a hide-covered altar of Uskayaw.
  1617 | D:2      | 1617 ||| Stepping ~*~*~tactically~*~*~ (stealth).
  1639 | D:2      | 1639 ||| Stepping ~*~*~tactically~*~*~ (stealth).
  1647 | D:2      | Reached XP level 4. HP: 21/26 MP: 8/8
  1799 | D:2      | 1799 ||| Stepping ~*~*~tactically~*~*~ (stealth).
  1827 | D:2      | HP: 6/26 [poisoned by an adder]
  2311 | D:2      | Reached skill level 5 in Axes
  2611 | D:2      | 2611 ||| READING scroll labelled IRU LIEPNAIQO.
  2612 | D:2      | 2612 ||| READING scroll labelled TAOSAKHLERPHAGEL.
  2615 | D:2      | 2615 ||| READING scroll labelled HIEQ ULEXTO.
  2616 | D:2      | 2616 ||| DRINKING 3 orange potions.
  2639 | D:3      | 2639 ||| Stepping ~*~*~tactically~*~*~ (hiding).
  2649 | D:3      | 2649 ||| Stepping ~*~*~tactically~*~*~ (stealth).
  2650 | D:3      | 2650 ||| Stepping ~*~*~tactically~*~*~ (stealth).
  2652 | D:3      | 2652 ||| Stepping ~*~*~tactically~*~*~ (stealth).
  2766 | D:3      | Gained mutation: Your magical nature lets you fly swiftly
                  | and evasively. [Tengu growth]
  2766 | D:3      | Reached XP level 5. HP: 28/30 MP: 9/9
  2802 | D:3      | 2802 ||| DROPPING +0 whip.
  2807 | D:3      | 2807 ||| Stepping ~*~*~tactically~*~*~ (stealth).
  2809 | D:3      | 2809 ||| Stepping ~*~*~tactically~*~*~ (stealth).
  2842 | D:3      | 2842 ||| Stepping ~*~*~tactically~*~*~ (stealth).
  2885 | D:3      | 2885 ||| FLEEEEING.
  2972 | D:3      | 2972 ||| Stepping ~*~*~tactically~*~*~ (stealth).
  2973 | D:3      | 2973 ||| Stepping ~*~*~tactically~*~*~ (stealth).
  2975 | D:3      | 2975 ||| Stepping ~*~*~tactically~*~*~ (stealth).
  3216 | D:3      | 3216 ||| Stepping ~*~*~tactically~*~*~ (stealth).
  3217 | D:3      | 3217 ||| Stepping ~*~*~tactically~*~*~ (stealth).
  3222 | D:3      | 3222 ||| Stepping ~*~*~tactically~*~*~ (stealth).
  3223 | D:3      | 3223 ||| Stepping ~*~*~tactically~*~*~ (stealth).
  3260 | D:3      | HP: 6/30 [something (3)]
  3262 | D:3      | HP: 2/30 [something (3)]
  3270 | D:3      | Slain by an orc wizard

Levels and vault maps discovered:
D:1:      dpeg_arrival_castle, layout_basic, minmay_tall_x
D:2:      layout_loops_ring, basic_altar, minmay_pentomino_p4
D:3:      layout_rooms, serial_shops, nicolae_shop_behind_doors,
          grunt_decor_mini_mirrors, hangedman_decor_growths,
          uniq_crazy_yiuf_cottage

Skill      XL: |  1  2  3  4 |
---------------+-------------+-----
Axes           | 3 4 5 |  5.9
Fighting       | |  2.0
Throwing       | |  1.0
Armour         | |  1.1
Dodging        | |  2.1
Spellcasting   | |  2.0
Translocations | |  2.4

Action                   |  1- 3 |  4- 6 || total
-------------------------+-------+-------++-------
Melee: Hand axe          |    80 |   123 ||   203
       Kick              |    17 |    26 ||    43
       Peck              |     8 |    14 ||    22
Throw: Boomerang         |     7 |       ||     7
  Use: Scroll            |     5 |     3 ||     8
       Potion            |     1 |     1 ||     2
Armor: Leather armour    |    19 |    32 ||    51
Dodge: Dodged            |    36 |    68 ||   104

Table legend:
 A = Non-vault XP
 B = Vault XP
 C = Vault XP percentage of total XP
 D = Non-vault monster count
 E = Vault monster count
 F = Vault count percentage of total count
                 A         B        C        D         E       F
            +---------+---------+-------+---------+---------+-------
      Total |     212 |      10 |   4.5 |      83 |       5 |   5.7
            +---------+---------+-------+---------+---------+-------
        D:1 |      46 |       8 |  14.8 |      25 |       4 |  13.8
        D:2 |      78 |       2 |   2.5 |      25 |       1 |   3.8
        D:3 |      88 |       0 |   0.0 |      33 |       0 |   0.0
            +---------+---------+-------+---------+---------+-------
